[Event "1st Chessable Sunway Formentera 2022"]
[Site "Formentera Punta Prima"]
[Date "2022.05.04"]
[Round "6"]
[White "Vrolijk, Liam"]
[Black "Papadiamandis, Elliot"]
[Result "1-0"]
[ECO "B94"]
[WhiteElo "2467"]
[BlackElo "2373"]
[Annotator "TA"]
[PlyCount "99"]
[EventDate "2022.05.05"]
[EventType "swiss"]
[EventCountry "ESP"]
[SourceTitle "playchess.com"]
[Source "ChessBase"]
[SourceQuality "1"]
[TimeControl "40/5400+30:1800+30"]

1. e4 c5 2. Nf3 d6 3. d4 cxd4 4. Nxd4 Nf6 5. Nc3 a6 6. Bg5 Nbd7 7. Be3 {[%emt 0:00:08] [#] 7.Qe2 is a critical line. B94: Sicilian Najdorf: 6 Bg5 Nbd7.} Nc5 $146 ({Predecessor:} 7... b5 8. a4 bxa4 9. Be2 Bb7 10. Rxa4 Nc5 11. Rb4 Qa5 12. Rxb7 Nxb7 13. O-O g6 14. b4 Qc7 {½-½ (122) Dardha,D (2532)-Bjerre,J (2586) Wijk aan Zee 2022}) 8. Qf3 g6 9. h3 {[%emt 0:04:36] The position is equal.} Bg7 10. O-O-O Nfd7 (10... Bd7 $11) 11. g4 $14 Ne6 12. Be2 {[%emt 0:04:43] White is more active.} Ne5 13. Qg3 Nc6 $1 14. Nxe6 ({Better is} 14. Nb3 $14) 14... Bxe6 15. Nd5 Qa5 16. a3 O-O (16... Rc8 $5 ) 17. Nb6 {[%emt 0:12:51] Inhibits Rfc8.} Nb4 18. axb4 (18. Nxa8 $2 Na2+ 19. Kb1 Nc3+ $1 20. Ka1 Nxe2 $19) 18... Qxb4 (18... Qa1+ $2 19. Kd2 Qxb2 20. Bd3 $18 (20. Rb1 Bc3+ 21. Kd3 Qa3 $16)) 19. Rd3 $1 {[%emt 0:01:15] Threatens to win with b3.} (19. c3 $2 Bxc3 $1 20. Rd2 (20. bxc3 $2 Qxc3+ 21. Kb1 Qb3+ 22. Kc1 Rac8+ 23. Bc4 Bxc4 $19) 20... Bxd2+ 21. Bxd2 Qxb6 $19) 19... Qxb2+ 20. Kd2 {[%emt 0:02:01][%cal Bc1d2,Bd2e1,Be1f1,Bf1g2][%mdl 32] next Rd1 is good for White.} Qb4+ 21. c3 Qb2+ 22. Ke1 {[%emt 0:00:09] Hoping for h4.} a5 $1 (22... Bxc3+ 23. Kf1 $16) 23. Nxa8 Bc4 $1 {[%emt 0:05:08] [#] aiming for ...Qb1+.} 24. Bd4 $1 Bxd3 25. Qxd3 Bxd4 26. cxd4 a4 $2 {[%emt 0:01:39] [#] White leaves nothing to chance now.} (26... Rxa8 $11 27. Kf1 Rc8) 27. Kf1 $1 $18 a3 {[%emt 0:00:28] [#]} 28. Kg2 $1 {[%emt 0:01:36] Black must now prevent Rb1.} a2 {[%emt 0:00:05] Prevents Rb1.} 29. Nc7 Rc8 $2 {[%emt 0:02:19] [#]} (29... a1=Q {was necessary.} 30. Rxa1 Qxa1) 30. Qb5 $1 a1=Q 31. Rxa1 Qxa1 32. Qxb7 Rf8 33. Nb5 e6 (33... Qa2 {is a better defense.}) 34. Qc6 (34. Nxd6 Qxd4 35. Qe7 h6) 34... Qa8 35. d5 (35. Qxd6 $6 Qxe4+ 36. Bf3 Qb1 $18) 35... exd5 36. exd5 (36. Qxd5 Qxd5 37. exd5 Rd8 $16) 36... Rc8 37. Qxd6 Rc2 38. Bf3 Qe8 39. Nd4 Rd2 (39... Ra2 $142 40. Nc6 Qe3) 40. Nc6 {[%emt 0:00:00] Strongly threatening Ne7+.} Qe3 41. Qg3 Kg7 (41... f6 $142 42. Na5 Qe5 43. Qxe5 fxe5) 42. Ne5 {[%emt 0:04:34] Nc4 is the strong threat.} Qd4 {[%emt 0:00:44] Prevents Nc4.} 43. g5 Ra2 44. Ng4 Ra1 45. Qh4 Qb4 46. Qh6+ (46. d6 $142 Qxd6 47. Nf6 Kf8 48. Qxh7 Ke7 49. Qh8 Qd8 50. Nd5+ Qxd5 51. Qf6+ Kd7 52. Bxd5) 46... Kh8 47. Ne5 {[%emt 0:01:22] White wants to mate with d6.} (47. Nf6 Rg1+ 48. Kh2 (48. Kxg1 Qe1+ 49. Kh2 Qg1+ 50. Kxg1 $11) 48... Qb8+ 49. d6 (49. Kxg1 Qh2+ 50. Kxh2 $11) 49... Qxd6+ 50. Kxg1 Qh2+ 51. Kf1 Qxf2+ 52. Kxf2 $11) 47... Kg8 48. Nd7 {[%emt 0:00:20] Threatening mate with Nf6+.} Kh8 49. Nf8 ({Stronger than} 49. Nf6 Rg1+ 50. Kh2 (50. Kxg1 Qe1+ 51. Kh2 Qg1+ 52. Kxg1 $11) 50... Qb8+ 51. d6 (51. Kxg1 Qh2+ 52. Kxh2 $11) 51... Qxd6+ 52. Kxg1 Qh2+ 53. Kf1 Qxf2+ 54. Kxf2 $11) 49... Kg8 50. Qxh7+ {[%emt 0:00:31] Weighted Error Value: White=0.15 (very precise) /Black=0.33} (50. Nxh7 $142 Ra6 51. Nf6+ Rxf6 52. gxf6 Qf8 53. Qe3 Qd6 54. Qe7 Qf4 55. Qe8+ Kh7 56. Qxf7+ Kh6 57. Qg7+ Kg5 58. f7) 1-0

[Event "1st Chessable Sunway Formentera 2022"]
[Site "Formentera Punta Prima"]
[Date "2022.05.04"]
[Round "6"]
[White "Narciso Dublan, Marc"]
[Black "Tsatsalashvili, Keti"]
[Result "1-0"]
[ECO "D02"]
[WhiteElo "2464"]
[BlackElo "2331"]
[Annotator "TA"]
[PlyCount "135"]
[EventDate "2022.05.05"]
[EventType "swiss"]
[EventCountry "ESP"]
[SourceTitle "playchess.com"]
[Source "ChessBase"]
[SourceQuality "1"]
[TimeControl "40/5400+30:1800+30"]

1. d4 d5 2. Nf3 Nf6 3. Bf4 c5 4. e3 e6 5. Nbd2 Bd6 6. dxc5 {[%emt 0:00:00] D02: 1 d4 d5 2 Nf3 sidelines, including 2...Nf6 3 g3 and 2...Nf6 3 Bf4.} Bxc5 7. c4 O-O 8. a3 {[%emt 0:00:06] The position is equal.} h6 {[%emt 0:00:00] [#]} 9. Be2 $146 ({Predecessor:} 9. b4 Be7 10. Be2 a5 11. O-O Nh5 12. Be5 Nc6 13. b5 Nxe5 14. Nxe5 {1-0 (77) Stajner,S (2404)-Drnovsek,G (2394) Slovenia 2016}) 9... Re8 10. O-O Bd6 11. Bxd6 Qxd6 12. Qc2 Nbd7 13. Rac1 b6 14. cxd5 Nxd5 15. Ne4 Qf8 16. Qc6 Rb8 17. Qa4 f5 18. Ned2 {[%emt 0:00:05][%cal Oc1c8] Threatens to win with Rxc8! White is more active.} Nc5 19. Qd4 ({But not} 19. Qxa7 $2 Rb7 20. Qa8 Bd7 21. Qxe8 Qxe8 $19) 19... Bb7 20. b4 Nd7 21. Bb5 Red8 22. Bc6 Bxc6 23. Rxc6 Qe8 24. Rfc1 {[%emt 0:00:05] Against Nc5} Rbc8 25. Qc4 Rxc6 26. Qxc6 Nf8 27. Qxe8 Rxe8 28. Nd4 a6 (28... Rd8 $14) 29. N2f3 (29. Rc6 $16) 29... Kf7 30. Rc6 Nd7 31. h4 g6 (31... a5 $142) 32. Kf1 ({White should try} 32. Rd6 N5f6 33. Ng5+ hxg5 34. hxg5) 32... Kf6 $16 33. Ke2 g5 34. hxg5+ hxg5 35. Rd6 Nf8 36. Kd3 g4 $1 37. Nd2 (37. Nh4 $5 ) 37... Rc8 (37... Ng6 $11 {remains equal.}) 38. Rc6 ({Much worse is} 38. Nxe6 Ke5 39. Nc4+ Rxc4 40. Kxc4 Kxd6 $11) ({White should play} 38. Nc4 $1 $16 ) 38... Rxc6 $11 39. Nxc6 {[%emt 0:00:00][%mdl 4096] Endgame KNN-KNN} Nd7 {[%emt 0:00:05] Against Nb8} 40. g3 Nc7 41. e4 Kg5 (41... b5 $11) 42. Nc4 $1 $14 Kf6 43. e5+ Kg5 44. Nd6 Kg6 45. Kd4 Kg7 (45... Nd5 $14) 46. a4 $16 Kf8 (46... Kg8 $142) 47. a5 bxa5 (47... Kg7 $142) 48. bxa5 Kg7 49. Kc4 {[%emt 0:00:05] Black must now prevent Nb7.} Kf8 $2 {[%emt 0:00:00] [#] This move loses the game for Black.} (49... Kg6 $16) 50. Nb7 $1 $18 Nb5 {[%emt 0:00:05] [#]} 51. Kb4 $1 Nc7 $2 (51... f4 52. gxf4 Nc7) 52. Nc5 Ke8 (52... Nd5+ 53. Kc4 Nxc5) 53. Nxd7 Kxd7 {[%emt 0:00:00] KN-KN} 54. Kc5 Nd5 55. Nb8+ Kc8 56. Nxa6 {[%emt 0:00:05] And now Kd6 would win.} f4 57. Kd6 {[%emt 0:00:12] aiming for Nc5.} Nc3 58. Nc5 Nd1 59. a6 {[%emt 0:00:00] Intending a7 and mate.} Kb8 60. Kxe6 (60. Nxe6 $142 f3 61. Nc5) 60... Nxf2 61. Kf5 fxg3 62. e6 {[%emt 0:00:00] e7 would kill now.} g2 63. e7 g1=Q 64. e8=Q+ Kc7 65. Ne6+ Kb6 66. Qb8+ Kc6 67. a7 Nd3 68. a8=Q+ {[%emt 0:00:05] Weighted Error Value: White=0.10 (very precise) /Black=0.34} 1-0

[Event "1st Chessable Sunway Formentera 2022"]
[Site "Formentera Punta Prima"]
[Date "2022.05.04"]
[Round "6"]
[White "Jarmula, Lukasz"]
[Black "Alinasab, Mobina"]
[Result "1-0"]
[ECO "C09"]
[WhiteElo "2459"]
[BlackElo "2373"]
[Annotator "TA"]
[PlyCount "211"]
[EventDate "2022.05.05"]
[EventType "swiss"]
[EventCountry "ESP"]
[SourceTitle "playchess.com"]
[Source "ChessBase"]
[SourceQuality "1"]
[TimeControl "40/5400+30:1800+30"]

1. e4 c5 2. Nf3 e6 3. c3 d5 4. exd5 exd5 5. d4 Nc6 6. Bb5 Bd6 7. dxc5 Bxc5 8. O-O Nge7 9. Nbd2 O-O 10. Nb3 Bb6 11. Re1 Bg4 12. h3 {[%emt 0:02:25] C09: French Tarrasch: 3...c5 4 exd5 exd5 5 Ngf3 Nc6.} Bh5 13. Be3 Bxe3 14. Rxe3 {[%emt 0:01:54] White is slightly better.} Qd6 15. Be2 Rad8 16. Nfd4 Bg6 {[%emt 0:07:24] [#]} 17. Bb5 $146 ({Predecessor:} 17. Qd2 Nc8 18. h4 h6 19. Nxc6 bxc6 20. h5 Be4 21. Rd1 f5 22. Qd4 Bc2 23. Rd2 {1-0 (52) Dzhumaev,M (2530)-Korobov,A (2702) Kolkata 2012}) 17... Nxd4 18. Nxd4 (18. Qxd4 Nf5 19. Qxa7 Ra8 $15) 18... a6 19. Bf1 Rd7 20. Qb3 Qc5 21. Rd1 Rfd8 22. a3 h6 23. Qb4 Qxb4 24. axb4 Nf5 25. Nxf5 Bxf5 26. Rd4 Kf8 27. g4 Bg6 28. Bg2 f6 29. f4 Bf7 30. Kf2 Rd6 31. f5 R6d7 32. Ke2 {[%emt 0:02:25] White is more active.} Rd6 33. Kd2 R6d7 34. Red3 b5 35. b3 Ke7 36. Re3+ Kf8 37. Re1 Rd6 38. Ra1 Ke7 39. Kc2 Kd7 40. Re1 Kc7 41. Kd3 R8d7 42. Bf3 (42. Rf4 $16) 42... Kd8 43. h4 Re7 44. Rxe7 Kxe7 $14 {[%emt 0:00:05][%mdl 4096] Endgame KRB-KRB} 45. Ke3 Kd7 ({Better is} 45... Rd8 $14) 46. Rd1 (46. Rd3 $16) 46... Kc7 (46... d4+ $1 $14 47. cxd4 (47. Rxd4 Rxd4 48. Kxd4 Bxb3 $11) 47... Bxb3) 47. Kd4 $16 Kd7 48. Rg1 Kc7 49. Be2 Kd7 50. Bd3 Ke7 51. Kc5 Be8 $2 (51... Kd7 $16 52. Kd4 Rc6) 52. Re1+ $18 Kd7 {[%emt 0:00:04] [#]} 53. Kd4 $2 (53. Rxe8 Rc6+ 54. Kxd5 Rd6+ 55. Kc5 Rc6+ 56. Kd5 Rd6+ 57. Kc5 Rc6+ 58. Kd5 $11) (53. Bxb5+ $1 $18 {[%mdl 512] is the precise move to win.} axb5 54. Rxe8 $1 (54. Kxb5 $2 d4 $19) 54... Rc6+ 55. Kxd5 Rxc3 56. Rg8) 53... Bf7 $16 54. Re3 Rc6 55. Re1 Rd6 $1 56. Be2 Kc7 57. Bf3 Kd7 {[%emt 0:00:04] Inhibits Re7+.} 58. Re3 Kd8 59. Rd3 Kd7 60. Bg2 Kc7 61. Rg3 Kd7 62. Bh1 Kc7 63. Bf3 Kd7 64. Rg1 Kc7 $1 65. Be2 Kd7 $1 66. Bd3 Ke7 $1 67. Kc5 {[%emt 0:01:54] Inhibits Rc6+.} Be8 $1 68. Re1+ $2 (68. Be2 $16) 68... Kd7 $18 {[%emt 0:00:01] [#]} 69. Re6 $2 ({Weaker is} 69. Rxe8 Rc6+ 70. Kxd5 Rd6+ 71. Kc5 Rc6+ 72. Kd5 Rd6+ 73. Kc5 Rc6+ 74. Kd5 $11) (69. Bxb5+ $1 $18 axb5 {[#]} 70. Rxe8 $1 Rc6+ 71. Kxd5 Rd6+ 72. Kc5) 69... Rxe6 $11 70. fxe6+ Kxe6 {[%emt 0:00:04] KB-KB} 71. Bf5+ Ke5 {[%emt 0:00:35] White must now prevent ...h5.} 72. h5 Bf7 $2 {[%emt 0:05:20][%mdl 8192] Black is on the road to losing.} (72... Bxh5 $1 $11 {and Black has nothing to worry.} 73. gxh5 Kxf5 74. Kxd5 g5) 73. Bc8 $18 g6 (73... Kf4 $142 74. Bxa6 Be8 75. Kxd5 (75. Bxb5 Bxb5 76. Kxb5 Kxg4 $16) 75... f5 76. gxf5 Bxh5 77. Bxb5 Bf3+ 78. Kc5 h5) 74. hxg6 Bxg6 75. Bxa6 Bd3 76. Bxb5 Bxb5 77. Kxb5 {[%emt 0:00:06] KP-KP} f5 78. gxf5 {[%emt 0:00:19] Intending Kc5 and mate.} h5 79. Kc5 h4 80. b5 {[%emt 0:00:07] Threatening mate with b6.} ({Wrong is} 80. f6 $2 Kxf6 81. b5 Ke7 $19) 80... h3 81. b6 h2 82. b7 h1=Q 83. b8=Q+ Kxf5 {[%emt 0:00:20] KQ-KQ} 84. Qc8+ Ke4 85. Qg4+ Kd3 86. Qd4+ Kc2 87. b4 Qh7 88. b5 {[%emt 0:00:53] Hoping for b6.} Qc7+ 89. Kxd5 {[%emt 0:00:38] b6 would kill now.} Qb7+ 90. Kc4 {[%emt 0:00:42] White threatens Qd3+ and mate.} Kb2 91. Qd2+ {[%emt 0:01:43] White mates.} Kb1 92. Kb4 Qe7+ 93. Kb3 Qf7+ 94. c4 Qf3+ 95. Kb4 Qf8+ 96. c5 Qe7 97. Qd3+ Ka1 98. b6 Qb7 99. Kb5 Qb8 100. Qd4+ Ka2 101. c6 Kb3 102. Qe3+ Ka2 103. c7 Qc8 104. Qe2+ Ka3 105. Qd3+ Kb2 106. Qd8 {[%emt 0:01:59] Weighted Error Value: White=0.21 (precise) /Black=0.24 (precise)} 1-0

[Event "1st Chessable Sunway Formentera 2022"]
[Site "Formentera Punta Prima"]
[Date "2022.05.04"]
[Round "6"]
[White "Song, Julien"]
[Black "Mouhamad, Joachim"]
[Result "1-0"]
[ECO "A46"]
[WhiteElo "2388"]
[BlackElo "2290"]
[Annotator "TA"]
[PlyCount "81"]
[EventDate "2022.05.05"]
[EventType "swiss"]
[EventCountry "ESP"]
[SourceTitle "playchess.com"]
[Source "ChessBase"]
[SourceQuality "1"]
[TimeControl "40/5400+30:1800+30"]

1. d4 Nf6 2. Nf3 c5 3. c3 b6 4. Bg5 Ne4 5. Bh4 Bb7 6. e3 {[%emt 0:08:01] A46: 1 d4 Nf6 2 Nf3 e6: Torre, London and Colle Systems.} d6 7. Bd3 Nd7 8. O-O {[%emt 0:02:38] White is slightly better.} g6 9. Nbd2 Nxd2 10. Nxd2 Bg7 {[%emt 0:00:18] [#]} 11. Ne4 $146 {[%emt 0:04:32] aiming for Nxd6+.} ({Predecessor:} 11. Be4 Qc7 12. Qf3 Rb8 13. Rac1 Nf6 14. Bxb7 Qxb7 15. Qxb7 Rxb7 16. Bxf6 Bxf6 17. Ne4 {½-½ (109) Blunk,D-Karasik,E (2194) Playchess.com INT 2004}) 11... Qc7 12. a4 Qc6 13. f3 a6 {[%emt 0:09:53] Inhibits Bb5.} 14. b4 d5 15. Nf2 cxb4 16. cxb4 Qd6 17. Qd2 O-O 18. Bg3 e5 19. Ng4 f6 20. f4 e4 {[%emt 0:11:18] [#]} 21. f5 $1 Qe7 22. Bc2 Rfc8 23. Bb3 h5 ({Black should play} 23... b5) 24. Nf2 $16 {[%emt 0:00:00] White is more active.} g5 (24... Nf8 $16 25. Qa2 gxf5) 25. h3 (25. Qa2 $18) 25... Bf8 (25... b5 $16) 26. Qa2 $18 h4 {[%emt 0:01:04] [#]} ({Weaker is} 26... Qf7 27. Nxe4 $1 b5 28. axb5) 27. Bh2 ({Less strong is} 27. Bxd5+ Bxd5 28. Qxd5+ Qf7 29. Qxf7+ Kxf7 $16) 27... Kg7 (27... Qf7 $142 28. Nxe4 b5 29. axb5 Re8) 28. Bxd5 Bxd5 29. Qxd5 Re8 30. Rac1 Ra7 31. b5 {[%emt 0:01:37] bxa6 is the strong threat.} Qf7 32. Qxf7+ Kxf7 33. Rc6 axb5 34. axb5 Ra3 35. Rc7 Ke7 (35... Rd8 {was called for.} 36. Nxe4 Rxe3) 36. Nxe4 Rxe3 37. Nc3 Kd8 38. Nd5 Re2 39. Ra7 {[%emt 0:00:51] White threatens Ra8+ and mate.} Rc2 40. Ra8+ Rc8 41. Bc7# {[%emt 0:00:57] Weighted Error Value: White=0.13 (very precise) /Black=0.55} 1-0

[Event "1st Chessable Sunway Formentera 2022"]
[Site "Formentera Punta Prima"]
[Date "2022.05.04"]
[Round "6"]
[White "Eugene, Floryan"]
[Black "Chkhaidze, Nikoloz"]
[Result "1-0"]
[ECO "B48"]
[WhiteElo "2370"]
[BlackElo "2301"]
[Annotator "TA"]
[PlyCount "149"]
[EventDate "2022.05.05"]
[EventType "swiss"]
[EventCountry "ESP"]
[SourceTitle "playchess.com"]
[Source "ChessBase"]
[SourceQuality "1"]
[TimeControl "40/5400+30:1800+30"]

1. e4 c5 2. Nf3 e6 3. d4 cxd4 4. Nxd4 Nc6 5. Nc3 Qc7 6. Be3 a6 7. g4 {[%emt 0:00:06] B48: Sicilian: Taimanov: 5 Nc3 Qc7 6 Be3 a6 without Be2.} b5 8. Nxc6 Qxc6 9. Qd2 {[%emt 0:00:16] The position is equal.} b4 10. Ne2 Qxe4 11. Rg1 Qc4 12. Nf4 Qc7 13. O-O-O Bb7 {[%emt 0:00:42] [#]} 14. Bb6 $1 {[%emt 0:05:27] [#]} Qc6 $146 ({Predecessor:} 14... Qc8 15. Nh5 Nf6 16. Bd4 Nxh5 17. gxh5 Rg8 18. Bd3 g6 19. hxg6 hxg6 20. h4 Qc7 {½-½ (31) Niedbala,B (2385)-Czopor,M (2423) Sypniewo 2022}) 15. Bg2 d5 (15... Qc8 $1 $11) 16. Bd4 $1 $16 {[%emt 0:12:02] White is more active.} Nf6 (16... Ne7 $16) 17. Bxf6 $18 gxf6 {[%emt 0:00:08] [#]} 18. Bxd5 $1 exd5 $14 19. Rge1+ $1 Kd7 (19... Kd8 $14) 20. Nxd5 $18 Qxd5 21. Qf4 Rd8 (21... Re8 $142 22. Rxd5+ Bxd5 23. Rxe8 (23. Rd1 Kc6 $16) 23... Kxe8) 22. Qc4 $2 ({Less strong is} 22. Qxf6 Bd6 23. Rxd5 Bxd5 $14) (22. Rxd5+ $18 Bxd5 23. Rd1 (23. Qxf6 Bd6 $14)) 22... Qd6 $11 23. f4 Bc6 24. Qc5 {[%emt 0:02:06][%mdl 64] Pin} Kc7 25. Qa7+ $40 {[%emt 0:02:44][%mdl 128] White attacks.} Bb7 26. Rxd6 {[%emt 0:00:06] Chess con chili.} Bxd6 27. Re4 Rd7 28. Rc4+ Kd8 {[%emt 0:00:04] And now ...Re8 would win.} 29. Rd4 (29. Qd4 $11 Be7 30. Qb6+ Ke8 31. Rc7) 29... Re8 $2 {[%emt 0:00:48][%mdl 8192] [#]} (29... Ke7 $17 {Strongly threatening ...Bf3.} 30. Qb6 Bg2) 30. Qb6+ $2 {[%emt 0:01:17] [#]} (30. Rxd6 $1 $18 Rxd6 31. Qb8+ Ke7 32. Qxb7+ Kf8 33. Qxb4) 30... Ke7 {[%emt 0:00:26][%mdl 8192] [#]} (30... Kc8 $1 $17 {and life is bright.} 31. Rxd6 Re1+ 32. Kd2 Re6 33. Qc5+ Rc7 34. Qxb4 Rxd6+ 35. Qxd6 Rd7) 31. Rxd6 $18 {[%emt 0:00:05][%mdl 576] Deflection. White stays focused until the end.} Rxd6 32. Qxb7+ {[%emt 0:00:05][%mdl 4096] Endgame KQ-KRR} Kf8 33. Qxb4 Red8 34. b3 Kg7 35. g5 Rd4 (35... fxg5 $142 36. fxg5 Kg8) 36. Qe7 R8d6 37. h4 (37. f5 $142) 37... Re6 {[%emt 0:00:31] [#]} 38. Qc7 {[%emt 0:00:37] aiming for f5.} Ree4 $2 (38... Rd5 39. Kb2 Rf5) 39. gxf6+ Kxf6 40. Qb6+ ({Weaker is} 40. c3 Re1+ 41. Kb2 Rd2+ 42. Ka3 Ree2 $18) 40... Kf5 (40... Kg7 $2 41. h5 h6 42. Qxa6 $18) 41. Qb7 f6 (41... Kg4 $142 42. Qxf7 Rxf4 43. Qg7+ Kh3 44. Qxh7 Rf6) 42. Qxh7+ Kxf4 43. h5 Ke5 44. Qe7+ Kf5 45. Qc5+ Ke6 46. Qc6+ Kf7 47. Qb7+ Re7 48. Qg2 Re1+ 49. Kb2 Rh4 (49... Re7 $142 50. h6 Rd8) 50. Qb7+ Re7 51. Qd5+ Re6 52. a4 Ke7 53. Qb7+ Kf8 54. Qc8+ Ke7 55. Qc7+ Kf8 56. Qd8+ Kf7 57. Qd7+ Re7 58. Qd5+ Re6 59. a5 Rh2 60. Kb1 Rhe2 61. Qd7+ Re7 62. Qg4 R7e5 63. Qg6+ Ke6 64. Qe8+ Kf5 65. Qd7+ Kf4 66. Qg7 f5 67. h6 {[%emt 0:00:05] Black must now prevent h7.} Rh2 68. Kb2 Ke4 69. h7 f4 70. h8=Q Rxh8 71. Qxh8 {[%emt 0:05:37] Intending Qh6 and mate.} f3 72. Qa8+ {[%emt 0:00:59] White mates.} Ke3 73. Qxa6 f2 74. Qd3+ Kf4 75. Qd4+ {[%emt 0:00:10] Weighted Error Value: White=0.43/Black=0.78} 1-0

[Event "1st Chessable Sunway Formentera 2022"]
[Site "Formentera Punta Prima"]
[Date "2022.05.04"]
[Round "6"]
[White "Chiku-Ratte, Olivier-Kenta"]
[Black "Dukic, Zachary"]
[Result "1-0"]
[ECO "A11"]
[WhiteElo "2358"]
[BlackElo "2243"]
[Annotator "TA"]
[PlyCount "97"]
[EventDate "2022.05.05"]
[EventType "swiss"]
[EventCountry "ESP"]
[SourceTitle "playchess.com"]
[Source "ChessBase"]
[SourceQuality "1"]
[TimeControl "40/5400+30:1800+30"]

1. Nf3 d5 2. c4 c6 3. e3 Nf6 4. Qc2 g6 5. b3 Bg7 6. Bb2 {[%emt 0:00:05] A11: English Opening: 1...c6.} O-O 7. Be2 Na6 8. a3 {[%emt 0:07:19] [#]} (8. d3 $14) 8... dxc4 $146 (8... Bf5 $5 9. d3 Nc5 $11) ({Predecessor:} 8... Nc5 9. d3 Bf5 10. cxd5 Qxd5 11. e4 Qxb3 12. Qxb3 Nxb3 13. exf5 Nxa1 14. Bxa1 gxf5 {½-½ (53) Agrest,E (2596)-Stefansson,H (2602) Berlin 2015}) 9. bxc4 Nc5 10. d3 Qa5+ 11. Nbd2 Na4 12. Bd4 c5 13. Be5 Ne8 14. Bxg7 Nxg7 15. Rb1 f6 (15... Nc3 $2 16. Nb3 $1 Qxa3 17. Qxc3 $18) (15... a6 $14) 16. Rb5 $16 Qa6 17. Bd1 Nb6 18. Rxc5 Qxa3 19. Rb5 Bd7 20. Rb3 Qc5 21. d4 Qc7 22. c5 Nd5 23. e4 Nf4 24. g3 (24. O-O $16) 24... Nh3 $1 $14 25. Qc4+ Kh8 26. d5 (26. Kf1 $14) 26... Rac8 (26... a5 $1 $11) 27. Rc3 (27. Kf1 {is more complex.} a5 28. Kg2 Nh5 29. Nd4) 27... a6 28. Be2 $36 {[%emt 0:01:01][%mdl 2048] White is more active.} Qb8 ({Black should try} 28... f5 $14) 29. Qb4 Qa7 30. Kf1 e6 (30... a5 $16 31. Qd4 e6) 31. Kg2 $18 exd5 32. exd5 {[%emt 0:00:05] Strongly threatening Rb1.} a5 33. Qa3 {[%emt 0:00:25] White is more active.} b5 34. cxb6 Qxb6 35. Rf1 Ra8 36. Ne4 Nh5 37. Re3 Bg4 (37... N5f4+ $16 {might work better.} 38. gxf4 Nxf4+ 39. Kg1 Nxd5) 38. Kh1 $2 ({Much less strong is} 38. Ng1 $6 Bxe2 39. Nxe2 Ng5 $16) ({Better is} 38. d6 $1 $18) 38... f5 39. Qc3+ Kg8 $2 {[%emt 0:01:48] [#]} (39... Ng7 $1 $14 40. Ned2 f4) 40. Neg5 $2 (40. d6 $1 $18 {Black must now prevent Bc4+.} h6 (40... Bxf3+ 41. Rxf3) 41. Bc4+ Kh7 42. Ne5 $1) 40... f4 {[%emt 0:00:00] [#]} (40... Rac8 $11 {remains equal.} 41. Bc4 Rxc4 42. Qxc4 Nxf2+ 43. Rxf2 Qxe3 44. d6+ Kh8 45. Qd4+ Qxd4 46. Nxd4 Nf6) 41. d6 Nxg5 $1 $11 42. Nxg5 {[%emt 0:00:31] Bc4+ would kill now. Chess con chili.} Bxe2 43. Rxe2 {[%emt 0:00:17][%cal Be3e2,Be2e7,Be7a7][%mdl 32] aiming for Qc4+.} fxg3 $2 (43... Qb5 $15 44. Qe5 Qxe5 45. Rxe5 fxg3) 44. Qc4+ $18 Kh8 45. Re7 g2+ 46. Kxg2 Ra7 47. d7 Nf6 48. d8=Q (48. Nf7+ $142 Kg7 49. Ne5+ Kh8 {[#]} 50. Nxg6+ $1 hxg6 51. Qh4+ Nh5 52. Qg5 Kg8 53. Qh6 (53. d8=Q Rxd8 54. Rxa7 Nf4+ 55. Kh1 Qc6+ 56. f3 Rd1 $18)) 48... Rxd8 49. Rxa7 {[%emt 0:01:26] Weighted Error Value: White=0.31/Black=0.40} 1-0

[Event "1st Chessable Sunway Formentera 2022"]
[Site "Formentera Punta Prima"]
[Date "2022.05.04"]
[Round "6"]
[White "Bergez, Luc"]
[Black "Park, Evan"]
[Result "0-1"]
[ECO "B40"]
[WhiteElo "2331"]
[BlackElo "2431"]
[Annotator "TA"]
[PlyCount "102"]
[EventDate "2022.05.05"]
[EventType "swiss"]
[EventCountry "ESP"]
[SourceTitle "playchess.com"]
[Source "ChessBase"]
[SourceQuality "1"]
[TimeControl "40/5400+30:1800+30"]

1. e4 c5 2. Nf3 e6 3. b3 Nc6 4. Bb2 a6 5. Qe2 d6 6. g3 {[%emt 0:00:19] B40: Sicilian: 2...e6, Unusual lines.} e5 7. Bg2 Nf6 8. c3 {[%emt 0:00:00][%cal Bc2c3,Bc3d4,Bd4d5][%mdl 32] The position is equal.} Be7 {[%emt 0:00:00] [#]} 9. d4 $146 ({Predecessor:} 9. O-O O-O 10. d4 Qc7 11. Nbd2 Re8 12. d5 Nb8 13. Nh4 b5 14. c4 Nbd7 15. Nf5 {1-0 (58) Sobolewski,P (2135)-Muhtarov,L (2135) Barlinek 2001}) 9... cxd4 10. cxd4 Bg4 11. d5 Nd4 12. Bxd4 Bxf3 13. Bxf3 exd4 14. Nd2 Nd7 15. O-O O-O 16. Bg2 Bf6 17. Rad1 Nc5 18. f4 Re8 {[%emt 0:00:36] Inhibits e5.} 19. Kh1 Rc8 20. Rc1 h6 21. Qd1 b5 22. Qg4 (22. Bh3 $11 Rc7 23. Qf3) 22... Nd3 ({Much less strong is} 22... Qa5 23. Nf3 Qd8 24. e5 dxe5 25. fxe5 Bxe5 26. Nxe5 (26. Nxd4 Bxd4 27. Qxd4 Qd6 $14) 26... Rxe5 27. Qxd4 $16) 23. Rxc8 Qxc8 24. Qd1 Nb2 25. Qc1 (25. Qe1 $15) 25... d3 {[%emt 0:00:00] Black is more active.} (25... Qc3 $1 $17 26. Nb1 Qxc1 27. Rxc1 Nd3) 26. e5 ({White should try} 26. Qc6 $15) 26... Qxc1 $17 27. Rxc1 dxe5 28. d6 {[%emt 0:00:00] [#]} exf4 (28... Rd8 $1 $17 {Threatens to win with ...exf4.} 29. Rc6 exf4 30. gxf4 Bh4) 29. Ne4 (29. d7 $1 $11 {was the only way to keep the balance.} Rd8 30. Bc6) 29... Rd8 30. Bh3 (30. gxf4 $17 Bd4 31. f5) 30... d2 ({Black should play} 30... fxg3 $19 31. hxg3 Bg5) 31. Nxd2 Rxd6 32. Ne4 Rd8 (32... Rd4 $142 33. Nxf6+ gxf6 34. gxf4 Nd3) 33. Nxf6+ gxf6 34. Rc8 Rxc8 35. Bxc8 {[%emt 0:00:53][%mdl 4096] Endgame KB-KN} a5 36. gxf4 {[%emt 0:00:00] [#]} b4 $1 37. Kg2 Nd3 38. Bf5 $2 (38. Kf3 $17 {is a better chance.}) 38... Nxf4+ $19 39. Kf3 Nd5 40. Ke4 Nc3+ 41. Kd4 Nxa2 42. Kc5 Nc3 $2 (42... Kf8 $19 {is more deadly.} 43. Kd6 Nc1) 43. Bc2 $2 (43. Kb6 $17) 43... Ne2 44. Bd1 Nc3 (44... Nc1 45. Kb5 f5 46. Kxa5 Na2) 45. Bc2 Kf8 {[%emt 0:00:00] Black is clearly winning.} 46. Kb6 Ke7 {[%emt 0:01:08] ...Kd6 is the strong threat.} 47. Kxa5 Nd5 {[%emt 0:00:35] White must now prevent ...Ke6.} 48. Kb5 Kd6 {[%emt 0:00:24] And now ...Ke5 would win.} 49. Bh7 Ke5 {[%emt 0:00:00] ( -> ...f5)} 50. Kc5 f5 51. Bg8 Ke6 {[%emt 0:00:47] Weighted Error Value: White=0.45/Black=0.40} 0-1